 Dungeon Crawl Stone Soup version 0.28.0-49-g6dfe1f597d (webtiles) character file.

Game seed: 12577348984925002460

106 GigaChad the Covered (level 4, -1/36 (40) HPs)
             Began as a Minotaur Fighter on May 11, 2022.
             Was a Follower of Sif Muna.
             Slain by a wight
             ... wielding a +1 hand axe
              (4 damage)
             ... on level 4 of the Dungeon.
             The game lasted 00:07:55 (3282 turns).

GigaChad the Covered (Minotaur Fighter)             Turns: 3282, Time: 00:07:56

HP:   -1/36 (40)    AC:  9    Str: 23    XL:     4   Next: 55%
MP:   3/3           EV:  8    Int:  5    God:    Sif Muna [*.....]
Gold: 131           SH:  4    Dex:  9    Spells: 3/3 levels left

rFire   . . .      SeeInvis .   a - +0 long sword
rCold   . . .      Faith    .   c - +0 buckler
rNeg    . . .      Spirit   .   n - +0 chain mail
rPois   .          Reflect  .   (helmet restricted)
rElec   .          Harm     .   (no cloak)
rCorr   .          Rampage  .   (no gloves)
Will    .....                   (no boots)
Stlth   ..........              (no amulet)
HPRegen 0.12/turn               (no ring)
MPRegen 0.08/turn               (no ring)

@: heavily drained
A: horns 2, retaliatory headbutt
a: Renounce Religion, Channel Magic


You were on level 4 of the Dungeon.
You worshipped Sif Muna.
Sif Muna was aware of your devotion.
You visited 1 branch of the dungeon, and saw 4 of its levels.

You collected 131 gold pieces.

Inventory:

Hand Weapons
 a - a +0 long sword (weapon)
Armour
 b - a +0 scale mail
 c - a +0 buckler (worn)
 n - a +0 chain mail (worn)
Scrolls
 f - 3 scrolls of identify {unknown}
 g - a scroll of fog {unknown}
 k - a scroll of summoning {unknown}
 m - a scroll of torment
Potions
 d - a potion of might
 e - a potion of heal wounds {unknown}
 h - a potion of curing {unknown}
 i - 2 potions of degeneration {unknown}
 j - 2 potions of attraction {unknown}
 l - a potion of flight {unknown}
 o - a potion of resistance {unknown}
 p - a potion of brilliance {unknown}


   Skills:
 + Level 4.2 Fighting
 + Level 3.5 Long Blades
 + Level 4.5 Armour
 + Level 1.2 Dodging
 + Level 0.1 Stealth
 + Level 4.4 Shields


You had 3 spell levels left.
You didn't know any spells.
Your spell library contained the following spells:

 Spells                   Type           Power      Damage    Failure   Level
 Animate Skeleton         Necr           0%         N/A       99%         1
 Apportation              Tloc           0%         N/A       99%         1
 Summon Small Mammal      Summ           0%         N/A       99%         1
 Scorch                   Fire           0%         2d5       100%        2
 Portal Projectile        Hex/Tloc       0%         N/A       100%        3
 Flame Wave               Conj/Fire      0%         2d4       100%        4
 Blade Hands              Tmut           0%         N/A       100%        5
 Excruciating Wounds      Necr           0%         N/A       100%        5
 Summon Cactus Giant      Summ           0%         N/A       100%        6


Dungeon Overview and Level Annotations

Branches:
Dungeon (4/15)
 Temple: D:4-7

Altars:
Sif Muna

Shops:
D:2 [


Innate Abilities, Weirdness & Mutations

You have a pair of horns on your head.
You reflexively headbutt those who attack you in melee.


Message History

a +0 short sword; an orc corpse An adder comes into view.
The adder hisses angrily.
The adder bites you but does no damage.
An adder is nearby!
An adder is nearby!
The adder bites you but does no damage.
You closely miss the adder. The adder completely misses you.
The adder barely misses you. You furiously retaliate!
You headbutt the adder! You slash the adder!
You kill the adder!
Sif Muna accepts your kill.
Key pressed, stopping explore.
You open the door.
Found a shimmering blue altar of Sif Muna.
There is an open door here.
You open the door.
There is an open door here.
There is an open door here.
You open the door. 2 wights come into view.
A wight comes into view. It is wielding a +0 great sword.
Found 18 sling bullets.
The wight hits you but does no damage.
There is an open door here.
You closely miss the wight. You headbutt the wight.
The wight is moderately damaged.
The wight hits you with a +0 great sword!
You feel drained. You block the wight's attack.
You closely miss the wight. You headbutt the wight!
The wight is almost destroyed.
The wight hits you with a +0 great sword!
* * * LOW HITPOINT WARNING * * *
You feel drained.
* * * LOW HITPOINT WARNING * * *
The wight hits you with a +1 hand axe.
* * * LOW HITPOINT WARNING * * *
You hit the wight. Your headbutt misses the wight.
The wight is almost destroyed.
The wight hits you with a +1 hand axe.
You die...

......####.......#######
......# ##......#
..###.. #...###.# .#
##.....#+###'##### #
...###.§§..#...## ...
#.§§≈.###..### ##
#.§...#......#
+..§§.'.###### #....@###
#.≈≈≈z# #...zz# #+###'#
#......# #####..# #..#
...# ....


You could see 3 wights.

Vanquished Creatures
  2 adders
  A worm (D:2)
  2 dart slugs
  2 orcs (D:4)
  5 ball pythons
  7 endoplasms
  15 giant cockroaches
  7 hobgoblins
  3 jackals (D:2)
  A quokka (D:2)
  7 bats
  A frilled lizard (D:1)
  6 goblins
  4 kobolds
  7 rats
  A bush (D:2)
71 creatures vanquished.

Notes
Turn   | Place    | Note
-------+----------+-------------------------------------------
     0 | D:1      | GigaChad the Minotaur Fighter began the quest for the Orb.
     0 | D:1      | Reached XP level 1. HP: 19/19 MP: 0/0
    34 | D:1      | Reached XP level 2. HP: 11/27 MP: 1/1
   975 | D:1      | Reached XP level 3. HP: 31/32 MP: 2/2
  1406 | D:2      | Reached skill level 1 in Dodging
  1662 | D:2      | Found Uhaewasa's Antique Armour Emporium.
  1788 | D:2      | Reached XP level 4. HP: 39/40 MP: 3/3
  2548 | D:3      | Found a faded altar of an unknown god.
  2559 | D:3      | Prayed at the altar of an unknown god.
  2559 | D:3      | Became a worshipper of Sif Muna the Loreminder
  2559 | D:3      | Reached * piety under Sif Muna
  3255 | D:4      | Found a shimmering blue altar of Sif Muna.
  3282 | D:4      | Slain by a wight

Illustrated notes

Levels and vault maps discovered:
D:1:      onia_arrival_pyramid, layout_loops_ring
D:2:      minmay_roachtagon, layout_basic, serial_shops, shop,
          corexii_corridor_pit, minmay_hedge_maze, palyth_stone_intersect,
          minmay_3d_cube
D:3:      layout_loops_ring, shapermc_ecumenical_altar_pompeii,
          kennysheep_doodads
D:4:      layout_layer_cave, mainiacjoe_overflow_six_doors_small, st_stairs_12

Skill      XL: |  1  2  3 |
---------------+----------+-----
Shields        | 4 |  4.4
Armour         | 4 |  4.5
Fighting       | 4 |  4.2
Dodging        | 1 |  1.2
Long Blades    | 3 |  3.5
Stealth        | |  0.1

Action                   |  1- 3 |  4- 6 || total
-------------------------+-------+-------++-------
Melee: Long sword        |    88 |    79 ||   167
       Headbutt          |     8 |    12 ||    20
  Use: Scroll            |       |     1 ||     1
Armor: Scale mail        |    77 |       ||    77
       Chain mail        |       |    76 ||    76
Dodge: Dodged            |    83 |    51 ||   134
Block: Buckler           |    30 |    20 ||    50
